 Dungeon Crawl Stone Soup version 0.29-a0-857-g9b1aa3ac5b (webtiles) character file.

Game seed: 7076239700432702095

1082 nxtlvl the Cutter (level 8, -2/45 HPs)
             Began as a Deep Elf Monk on July 17, 2022.
             Slain by Duvessa
             ... wielding a +0 short sword
              (13 damage)
             ... on level 5 of the Dungeon.
             The game lasted 00:25:30 (3052 turns).

nxtlvl the Cutter (Deep Elf Monk)                   Turns: 3052, Time: 00:25:30

Health: -2/45      AC: 11    Str:  8    XL:     8   Next: 8%
Magic:  15/15      EV: 11    Int: 18    God:
Gold:   321        SH:  5    Dex: 17    Spells: 11/14 levels left

rFire   + . .      SeeInvis +   b - +1 short sword (elec)
rCold   . . .      Faith    .   (no shield)
rNeg    . . .      Spirit   .   s - +6 ring mail of Ru's Generosity {Harm Rampage SInv}
rPois   .          Reflect  +   (no helmet)
rElec   .          Harm     +   (no cloak)
rCorr   .          Rampage  +   (no gloves)
Will    .....                   (no boots)
Stlth   ++........              p - amulet of reflection
HPRegen 0.15/turn               d - ring of protection from fire
MPRegen 0.14/turn               x - ring of see invisible

@: no status effects
A: no striking features
a: no special abilities


You were on level 5 of the Dungeon.
You visited 1 branch of the dungeon, and saw 6 of its levels.

You collected 321 gold pieces.

Inventory:

Hand Weapons
 a - a +0 short sword of venom
 b - a +1 short sword of electrocution (weapon)
 c - a +3 quarterstaff
Missiles
 f - 30 stones
 g - 5 boomerangs
 n - 2 poisoned darts (quivered)
 y - a curare-tipped dart
Armour
 h - a +2 leather armour of cold resistance
 s - the +6 ring mail of Ru's Generosity (worn) {Harm Rampage SInv}
   (You found it on level 4 of the Dungeon)

   SInv:      It lets you see invisible.
   Harm:      It increases damage dealt and taken.
   Rampage:   It bestows one free step when moving towards enemies.
Jewellery
 d - a ring of protection from fire (left hand)
 p - an amulet of reflection (around neck)
 x - a ring of see invisible (right hand)
Scrolls
 e - a scroll of torment
 k - 3 scrolls of immolation {unknown}
 l - a scroll of magic mapping {unknown}
 q - a scroll of teleportation {unknown}
 t - a scroll of enchant armour {unknown}
 u - a scroll of blinking {unknown}
 v - a scroll of acquirement {unknown}
 z - a scroll of identify
Potions
 i - a potion of heal wounds
 j - a potion of resistance {unknown}
 m - a potion of haste {unknown}
 o - a potion of attraction {unknown}
 r - a potion of degeneration {unknown}
 w - a potion of cancellation {unknown}
 A - a potion of curing {unknown}


   Skills:
 - Level 2.4 Fighting
 + Level 7.2 Short Blades
 - Level 3.6 Dodging
 - Level 2.4 Stealth
 + Level 3.7 Spellcasting
 * Level 4.4 Conjurations
 * Level 4.4 Earth Magic


You had 11 spell levels left.
You knew the following spells:

 Your Spells              Type           Power      Damage    Failure   Level
z - Stone Arrow           Conj/Erth      38%        3d9       22%         3

Your spell library contained the following spells:

 Spells                   Type           Power      Damage    Failure   Level
 Sting                    Tmut/Pois      12%        1d3       43%         1
 Poisonous Vapours        Pois/Air       6%         N/A       56%         2
 Animate Armour           Summ/Erth      22%        N/A       88%         4
 Olgreb's Toxic Radiance  Pois           3%         N/A       99%         4
 Lehudib's Crystal Spear  Conj/Erth      9%         10d4      100%        8


Dungeon Overview and Level Annotations

Branches:
Dungeon (6/15)
 Temple: D:4-7

Altars:

Annotations:
D:5 Duvessa


Message History

Dowan, Brother of Duvessa comes into view.
He is wielding a +2 dagger of draining.
Duvessa, Sister of Dowan comes into view.
She is wielding a +0 short sword.
Duvessa shouts!
Dowan points at you and mumbles some strange words.
You easily resist.
You block Dowan's attack.
You completely miss Dowan. Dowan gestures at you while chanting.
The puff of frost hits you!
You hit Dowan but do no damage. Lightning courses through Dowan!
Dowan is severely wounded.
Dowan hits you but does no damage.
You feel drained.
You hit Dowan.
You kill Dowan!
Duvessa screams in rage.
Duvessa goes berserk!
Your life force feels restored.
You closely miss Duvessa. Duvessa hits you with a +0 short sword.
You barely miss Duvessa. You punch Duvessa, but do no damage.
Duvessa hits you with a +0 short sword!
You hit Duvessa but do no damage. Lightning courses through Duvessa!
Duvessa is lightly wounded.
Duvessa barely misses you.
You hit Duvessa but do no damage. Lightning courses through Duvessa!
Duvessa is heavily wounded.
Duvessa closely misses you.
You hit Duvessa.
Duvessa is heavily wounded.
Duvessa hits you with a +0 short sword.
You hit Duvessa but do no damage. Lightning courses through Duvessa!
Duvessa is almost dead.
Duvessa closely misses you.
You hit Duvessa but do no damage.
Duvessa is almost dead.
Duvessa hits you with a +0 short sword.
* * * LOW HITPOINT WARNING * * *
You hit Duvessa. You punch Duvessa.
Duvessa is almost dead.
Duvessa hits you with a +0 short sword!
You die...

#.........##
###..##
##......##
##..#
###...##
#.... ##..#
##... ##.##
... #.## #..
##.# #. #.##
. #@# .
#....e##
###... ##.#
#. .# .. ..


You could see Duvessa (berserk).

Vanquished Creatures
  Eustachio (D:5)
  A phantom (D:4)
  A kobold brigand (D:4)
  2 scorpions
  A necrophage (D:4)
  Dowan (D:5)
  4 jellies
  A hound (D:4)
  An iguana (D:4)
  3 orc wizards
  12 gnolls (D:4)
  5 adders
  A shadow imp (D:5)
  A white imp (D:5)
  An ufetubus (D:5)
  A worm (D:3)
  3 dart slugs
  33 orcs
  5 ball pythons
  10 endoplasms
  5 giant cockroaches
  8 goblins
  2 hobgoblins
  7 jackals (D:4)
  3 quokkas
  2 bats
  2 kobolds
  2 rats
119 creatures vanquished.

Vanquished Creatures (others)
  2 plants (D:4)
2 creatures vanquished.

Grand Total: 121 creatures vanquished

Notes
Turn   | Place    | Note
-------+----------+-------------------------------------------
     0 | D:1      | nxtlvl the Deep Elf Monk began the quest for the Orb.
     0 | D:1      | Reached XP level 1. HP: 13/13 MP: 3/3
    64 | D:1      | Found a faded altar of an unknown god.
    68 | D:1      | You fall into a shaft and drop 1 floor!
   221 | D:1      | Reached XP level 2. HP: 10/18 MP: 4/4
   495 | D:2      | Reached skill level 4 in Short Blades
   584 | D:2      | Reached XP level 3. HP: 22/22 MP: 5/5
   984 | D:4      | Noticed a necrophage
  1124 | D:4      | Reached skill level 5 in Short Blades
  1124 | D:4      | Reached XP level 4. HP: 27/27 MP: 6/6
  1178 | D:4      | Identified the +6 ring mail of Ru's Generosity {Harm
                  | Rampage SInv}
  1231 | D:4      | Noticed a phantom
  1239 | D:4      | Killed a phantom
  1240 | D:4      | Reached XP level 5. HP: 27/31 MP: 7/7
  1272 | D:4      | Reached skill level 6 in Short Blades
  1383 | D:4      | Learned a level 3 spell: Stone Arrow
  1612 | D:3      | Reached XP level 6. HP: 29/36 MP: 8/8
  1714 | D:3      | Reached skill level 1 in Earth Magic
  1809 | D:4      | Reached skill level 1 in Spellcasting
  1809 | D:4      | Reached skill level 1 in Conjurations
  2325 | D:4      | Reached XP level 7. HP: 40/40 MP: 11/11
  2495 | D:4      | Reached skill level 7 in Short Blades
  2701 | D:5      | Entered Level 5 of the Dungeon
  2701 | D:5      | Noticed a yak
  2701 | D:5      | Noticed a yak
  2701 | D:5      | Noticed a yak
  2701 | D:5      | Noticed a yak
  2954 | D:5      | Noticed Eustachio
  2960 | D:5      | Killed Eustachio
  2965 | D:5      | Reached XP level 8. HP: 45/45 MP: 13/15
  3037 | D:5      | Noticed Dowan
  3039 | D:5      | Noticed Duvessa
  3044 | D:5      | Killed Dowan
  3052 | D:5      | Slain by Duvessa

Illustrated notes

Levels and vault maps discovered:
D:1:      dpeg_arrival_line_fractal, layout_rooms, basic_ecumenical_altar,
          dk_noncrumbling_2
D:2:      layout_basic
D:3:      wander_river, layout_loops_ring, minmay_misc_feat_five
D:4:      lemuel_castle_with_subvaults [lemuel_castle_interior_original],
          layout_basic
D:5:      layout_cave_pods, nicolae_ru_great_annihilating_truth,
          minmay_temple_entry_glassed_door, nicolae_titane, uniq_duvessa,
          uniq_eustachio
D:6:      minmay_diamond_boxcup, layout_rooms, serial_shops, shop,
          corexii_corridor_pit, minmay_hollow_rounded_squares

Skill      XL: |  1  2  3  4  5  6  7 |
---------------+----------------------+-----
Short Blades   | 4 5 6 7 |  7.2
Earth Magic    | 2 4 |  4.4
Spellcasting   | 1 3 |  3.7
Conjurations   | 2 4 |  4.4
Fighting       | |  2.4
Dodging        | |  3.6
Stealth        | |  2.4

Action                   |  1- 3 |  4- 6 |  7- 9 || total
-------------------------+-------+-------+-------++-------
Melee: Short sword       |    58 |    53 |   148 ||   259
       Punch             |     1 |     2 |     4 ||     7
       Rapier            |    32 |   141 |       ||   173
Throw: Dart              |    12 |    37 |     7 ||    56
  Use: Potion            |       |     3 |     1 ||     4
       Scroll            |       |     3 |       ||     3
 Stab: Sleeping          |     8 |     3 |       ||    11
Armor: Robe              |    12 |     1 |       ||    13
       Ring mail         |       |    60 |    36 ||    96
Dodge: Dodged            |    35 |    71 |    50 ||   156
Block: Other             |     9 |    35 |    19 ||    63
       Reflection        |       |     1 |       ||     1

Table legend: (Time is in decaauts)
 A = Elapsed time spent in this place.
 B = Non-inter-level travel time spent in this place.
 C = Inter-level travel time spent in this place.
 D = Time resting spent in this place.
 E = Time spent auto-exploring this place.
 F = Levels seen in this place.
 G = Mean time per level.
                   A        B        C        D        E       F      G
               +--------+--------+--------+--------+--------+-----+--------+
         Total |   2997 |   2897 |    100 |      0 |      0 |   6 |  499.5 |
       Dungeon |   2997 |   2897 |    100 |      0 |      0 |   6 |  499.5 |
               +--------+--------+--------+--------+--------+-----+--------+

Top non-repeatable levels by time:
     D:4: 1289 daAuts
     D:3: 518 daAuts
     D:2: 510 daAuts
     D:1: 372 daAuts
     D:5: 257 daAuts
     D:6: 48 daAuts
